[Event "Saturday 21 April Rapid Engine Tour 12+1 Rounds 9 Starts 1600ST"]
[Site "Infinity Chess"]
[Date "2018.4.21"]
[Round "9"]
[White "IronMan"]
[Black "Mr Aj"]
[Result "1/2-1/2 "]
[ECO "C68"]
[WhiteElo "2433"]
[BlackElo "2429"]
[WhiteEngine "Eman 170b23-EXP2"]
[BlackEngine "Houdini 6"]
[EventType "Swiss"]
[WhiteTeam ""]
[BlackTeam ""]
[PlyCount "201"]
[TimeControl "720+1"]

1. e4 e5 2. Nf3 Nc6 3. Bb5 a6 4. Bxc6 dxc6 5. O-O Bg4 6. d3 f6 7. h3 Bh5 
8. Be3 c5 9. c3 Bd6 10. Nbd2 Ne7 11. Qc2 Nc6 12. Nh4 Qd7 13. Nb3 b6 14. d4 c4 
15. Nc1 O-O 16. d5 Ne7 17. Ne2 c6 18. Ng3 Bf7 19. dxc6 Qxc6 20. Nhf5 Nxf5 
21. Nxf5 Rfd8 22. Nxd6 Rxd6 23. Rfd1 Rad8 24. Rxd6 Qxd6 25. a4 Be8 26. f3 b5 
27. axb5 Bxb5 28. Qf2 Qe6 29. Bc5 Qc6 30. Bb6 Rd6 31. Ba7 Qd7 32. Be3 Rd3 
33. Kh2 h6 34. h4 Rd6 35. Qg3 Kh7 36. Qf2 Qd8 37. f4 Qe8 38. fxe5 fxe5 
39. Qf5+ Kg8 40. Qg4 Rg6 41. Qf3 Rf6 42. Qg4 Bd7 43. Qe2 Qf7 44. Rd1 Rg6 
45. Rd5 Be6 46. Rd8+ Kh7 47. Bf2 Rg4 48. Qe3 Qg6 49. Bg3 Rxe4 50. Qf3 Qg4 
51. Rd2 Qxf3 52. gxf3 Re3 53. Kg2 e4 54. fxe4 Rxe4 55. Kf3 Rg4 56. Rd8 h5 
57. Rd6 Bc8 58. Kf2 Rg6 59. Rd4 Be6 60. Bc7 Rg4 61. Rd6 Bf7 62. Bd8 Rg6 
63. Rd7 Kg8 64. Bg5 Rb6 65. Bc1 Be8 66. Re7 Kf8 67. Re5 Rb5 68. Re6 Rf5+ 
69. Kg3 Bb5 70. Bf4 Rd5 71. Be3 Kf7 72. Rb6 Rf5 73. Bf4 Rf6 74. Rb7+ Kg8 
75. Rc7 Bc6 76. Re7 Ba4 77. Rc7 Rc6 78. Ra7 Bc2 79. Ra8+ Kh7 80. Ra7 Bb1 
81. Bg5 Bd3 82. Ra8 Rb6 83. Bc1 Rf6 84. Bg5 Re6 85. Ra7 Bc2 86. Kf4 Rb6 
87. Ke5 Bd3 88. Bc1 Rf6 89. Be3 Bf1 90. Bd4 Rg6 91. Kd5 Rg4 92. Bf6 a5 
93. Kc5 Bd3 94. Bd8 Rg2 95. Rxa5 Rxb2 96. Kd4 Kg6 97. Re5 Rc2 98. Rg5+ Kh6 
99. Rc5 Ra2 100. Rc6+ Kh7 101. Rc5 1/2-1/2

[Event "Saturday 21 April Rapid Engine Tour 12+1 Rounds 9 Starts 1600ST"]
[Site "Infinity Chess"]
[Date "2018.4.21"]
[Round "9"]
[White "Dovahkiin"]
[Black "SkyPilot"]
[Result "1/2-1/2"]
[ECO "C55"]
[WhiteElo "2396"]
[BlackElo "2456"]
[WhiteEngine "BrainFish_180418_x64_modern_CTG"]
[BlackEngine "stockfish_x64_bmi2_2018_04_07_CTG"]
[EventType "Swiss"]
[WhiteTeam ""]
[BlackTeam ""]
[PlyCount "81"]
[TimeControl "720+1"]

1. e4 e5 2. Nf3 Nc6 3. Bc4 Nf6 4. d3 Bc5 5. O-O d6 6. c3 O-O 7. Bg5 h6 8. Bh4 g5 
9. Bg3 a5 10. a4 Kg7 11. Nbd2 Ba7 12. Re1 Ng8 13. Nf1 h5 14. h3 Nh6 15. d4 g4 
16. Bh4 Qe8 17. N3h2 f6 18. Ne3 gxh3 19. gxh3 exd4 20. Nd5 Ne5 21. Nxc7 Qg6+ 
22. Kh1 Bxh3 23. Ne6+ Bxe6 24. Bxe6 Kh7 25. cxd4 Rg8 26. Bh3 Nc6 27. Nf3 Rae8 
28. Re2 Ng4 29. d5 Nce5 30. Nxe5 fxe5 31. f3 Qh6 32. Qb3 Ref8 33. fxg4 hxg4 
34. Rh2 Rf3 35. Qxb7+ Rg7 36. Qc8 gxh3 37. Rxh3 Rg8 38. Qd7+ Rg7 39. Qc8 Rg8 
40. Qd7+ Rg7 41. Qc8 1/2-1/2

[Event "Saturday 21 April Rapid Engine Tour 12+1 Rounds 9 Starts 1600ST"]
[Site "Infinity Chess"]
[Date "2018.4.21"]
[Round "9"]
[White "MiKachomiKa QueeN"]
[Black "KQRBNP"]
[Result "1/2-1/2"]
[ECO "C50"]
[WhiteElo "2403"]
[BlackElo "2377"]
[WhiteEngine "stockfish_18041819_x64_modern_CTG"]
[BlackEngine "Eman 1.70-beta24 64-bit POPCNT"]
[EventType "Swiss"]
[WhiteTeam ""]
[BlackTeam ""]
[PlyCount "178"]
[TimeControl "720+1"]

1. e4 e5 2. Nf3 Nc6 3. Bc4 Bc5 4. O-O Nf6 5. d3 d6 6. c3 a5 7. Bg5 h6 8. Bh4 O-O 
9. Re1 g5 10. Bg3 g4 11. Bh4 gxf3 12. Qxf3 Kg7 13. Nd2 Be6 14. Rad1 Bxc4 
15. Nxc4 Qe7 16. d4 exd4 17. Qg3+ Kh7 18. Qf4 Qe6 19. Bxf6 dxc3 20. Bxc3 f5 
21. e5 d5 22. Nd2 a4 23. Nf3 Rg8 24. h3 Rg7 25. Kf1 a3 26. b3 Rd8 27. b4 d4 
28. bxc5 dxc3 29. Rxd8 Nxd8 30. Nd4 Qc4+ 31. Ne2 Qxf4 32. Nxf4 Rd7 33. e6 Re7 
34. c6 bxc6 35. Rc1 Nxe6 36. Nxe6 Rxe6 37. Rxc3 Kg6 38. Rxa3 c5 39. Rc3 Rc6 
40. a4 Kf6 41. Ke2 Ke5 42. Kd3 Kd5 43. Rc4 Rd6 44. Rh4 Ra6 45. Rc4 Rb6 
46. Kc3 Rg6 47. g3 Ra6 48. Rh4 Ra7 49. Rf4 Ke5 50. Rc4 Kd5 51. Rf4 Ke5 
52. Kb3 Ra6 53. Ka2 Ra7 54. Kb3 Ra6 55. Rc4 Kd5 56. Rh4 Ra8 57. Rf4 Ke5 
58. Rc4 Kd5 59. Rf4 Ke5 60. Rc4 Kd5 61. Kc3 Ra6 62. Rf4 Ke5 63. Kd2 Rd6+ 
64. Kc3 Ra6 65. Kc2 Ra7 66. Rh4 Ra6 67. Kc3 Kd5 68. Rc4 Ra8 69. Rf4 Ke5 
70. Kc2 Ra7 71. Kd3 Ra6 72. Kd2 Rd6+ 73. Kc2 Ra6 74. Kd3 Ra8 75. Kd2 Rd8+ 
76. Kc3 Ra8 77. f3 Rg8 78. Rc4 Rxg3 79. Rxc5+ Ke6 80. Kb4 Rxf3 81. Rxc7 Rxh3 
82. a5 Rh2 83. a6 Ra2 84. a7 f4 85. Rc6+ Kf7 86. a8=Q Rxa8 87. Rxh6 Ra1 
88. Rh4 Rf1 89. Kc3 Kg6 1/2-1/2

[Event "Saturday 21 April Rapid Engine Tour 12+1 Rounds 9 Starts 1600ST"]
[Site "Infinity Chess"]
[Date "2018.4.21"]
[Round "9"]
[White "ocirema"]
[Black "Deep_Impact"]
[Result "1/2-1/2"]
[ECO "C24"]
[WhiteElo "2416"]
[BlackElo "2437"]
[WhiteEngine "asmFishW_2018-04-15_popcnt_CTG"]
[BlackEngine "BrainFish_180411_x64_bmi2"]
[EventType "Swiss"]
[WhiteTeam ""]
[BlackTeam ""]
[PlyCount "179"]
[TimeControl "720+1"]

1. e4 e5 2. Bc4 Nf6 3. d3 c6 4. Bb3 d5 5. Nf3 a5 6. a4 Bb4+ 7. c3 Bd6 
8. exd5 cxd5 9. Bg5 Be6 10. Na3 Nbd7 11. O-O O-O 12. Bh4 Bb8 13. Re1 h6 
14. Nb5 Re8 15. Nd2 Nc5 16. Bc2 Bd7 17. d4 exd4 18. Rxe8+ Bxe8 19. Nxd4 Qb6 
20. Rb1 Bd7 21. Nf1 Bf4 22. Bxf6 Qxf6 23. g3 Be5 24. Ne3 Bxd4 25. cxd4 Ne4 
26. Bxe4 dxe4 27. Rc1 Rb8 28. Rc7 Qd6 29. Rc5 b6 30. Rd5 Qc6 31. Re5 Qxa4 
32. Qxa4 Bxa4 33. Rxe4 Rd8 34. f3 Bb3 35. Kf1 Kf8 36. h4 Ba2 37. Ke2 Rd7 
38. h5 f6 39. Rh4 b5 40. Kd3 Bb1+ 41. Kc3 Rc7+ 42. Kd2 Bh7 43. Rh1 a4 
44. Ra1 Bg8 45. f4 Ke7 46. Ra3 Rb7 47. Rc3 b4 48. Rc8 Ba2 49. Kc2 Bb3+ 
50. Kc1 a3 51. bxa3 bxa3 52. Ra8 a2 53. Kd2 Rc7 54. f5 Rc8 55. Ra6 Rc7 
56. Ra8 Rc6 57. Ra7+ Kd6 58. Ra8 Ke7 59. Ra7+ Ke8 60. Ra3 Kf7 61. Ra8 Rc7 
62. Ra6 Re7 63. Ra3 Re4 64. Kd3 Re8 65. Nc2 Bd5 66. Nb4 Re1 67. Nxa2 Rg1 
68. Ra7+ Kf8 69. Nc3 Rxg3+ 70. Kc2 Bc4 71. Ra8+ Ke7 72. Ra7+ Kf8 73. Ra8+ Ke7 
74. Ra7+ Kd8 75. d5 Bd3+ 76. Kb3 Bxf5 77. Kc4 Bd7 78. Ne2 Rh3 79. Nd4 Rxh5 
80. Kc5 Ke7 81. Nc6+ Ke8 82. Kd6 Bg4 83. Nd4 Rh1 84. Rxg7 h5 85. Ne6 Bxe6 
86. Kxe6 Re1+ 87. Kxf6 Re4 88. d6 Rd4 89. Ke5 Rd1 90. d7+ 1/2-1/2

[Event "Saturday 21 April Rapid Engine Tour 12+1 Rounds 9 Starts 1600ST"]
[Site "Infinity Chess"]
[Date "2018.4.21"]
[Round "9"]
[White "angriff"]
[Black "KhalidOmar"]
[Result "1/2-1/2"]
[ECO "C55"]
[WhiteElo "2395"]
[BlackElo "2448"]
[WhiteEngine "DracoREX 3.07 64BIT POPCNT_CTG"]
[BlackEngine "Eman 1.70-beta24 64-bit BMI2"]
[EventType "Swiss"]
[WhiteTeam ""]
[BlackTeam ""]
[PlyCount "111"]
[TimeControl "720+1"]

1. e4 e5 2. Nf3 Nc6 3. Bc4 Nf6 4. d3 Bc5 5. O-O O-O 6. c3 d6 7. Nbd2 a5 
8. Re1 Be6 9. Bb5 Ne7 10. d4 Ba7 11. h3 Ng6 12. Ba4 Nh5 13. Nf1 exd4 
14. Nxd4 Qh4 15. Bc2 Bxd4 16. cxd4 f5 17. Bb3 Bxb3 18. Qxb3+ Kh8 19. e5 Qxd4 
20. Qf3 Nhf4 21. Bxf4 Qxf4 22. Qxf4 Nxf4 23. exd6 cxd6 24. Rad1 Rad8 25. Re7 g6 
26. Rxb7 d5 27. Kh2 Rb8 28. Rxb8 Rxb8 29. b3 a4 30. bxa4 Rb4 31. g3 Ne6 
32. Rxd5 Rxa4 33. Rd2 h5 34. Re2 Nd4 35. Rb2 Nf3+ 36. Kg2 Ne1+ 37. Kg1 f4 
38. Re2 Nd3 39. Kg2 fxg3 40. fxg3 Nc1 41. Re3 Rxa2+ 42. Kf3 Kg7 43. g4 h4 
44. g5 Ra5 45. Nd2 Rxg5 46. Ne4 Rd5 47. Kg4 Nd3 48. Kxh4 Kh6 49. Kg3 Re5 
50. Kf3 Rf5+ 51. Kg4 Rf4+ 52. Kg3 Rxe4 53. Rxe4 Nc5 54. Re7 Nb3 55. Kh4 Nd4 
56. Re4 1/2-1/2

[Event "Saturday 21 April Rapid Engine Tour 12+1 Rounds 9 Starts 1600ST"]
[Site "Infinity Chess"]
[Date "2018.4.21"]
[Round "9"]
[White "Thinker"]
[Black "Marsell"]
[Result "1/2-1/2"]
[ECO "C55"]
[WhiteElo "2451"]
[BlackElo "2477"]
[WhiteEngine "BrainFish_180411_x64_modern_CTG"]
[BlackEngine "BrainFish_180418_x64_bmi2"]
[EventType "Swiss"]
[WhiteTeam ""]
[BlackTeam ""]
[PlyCount "64"]
[TimeControl "720+1"]

1. e4 e5 2. Nf3 Nc6 3. Bc4 Nf6 4. d3 Bc5 5. c3 d6 6. O-O O-O 7. h3 a6 8. Re1 Ba7 
9. Bb3 h6 10. Nbd2 Re8 11. Nf1 Be6 12. Bc2 d5 13. Qe2 b5 14. Bd2 Qd7 15. Ng3 d4 
16. a4 Bc5 17. Rec1 Qd6 18. Qe1 Rab8 19. axb5 axb5 20. Ne2 Nxe4 21. dxe4 d3 
22. b4 Bb6 23. Bd1 dxe2 24. Bxe2 Ne7 25. Bxb5 Bxf2+ 26. Qxf2 Rxb5 27. Qe2 Rb7 
28. Ra6 Rb6 29. Ra7 Rbb8 30. Ra6 Rb6 31. Ra7 Rbb8 32. Ra6 Rb6 1/2-1/2

[Event "Saturday 21 April Rapid Engine Tour 12+1 Rounds 9 Starts 1600ST"]
[Site "Infinity Chess"]
[Date "2018.4.21"]
[Round "9"]
[White "Susanne"]
[Black "MedusaV3"]
[Result "1/2-1/2"]
[ECO "C55"]
[WhiteElo "2509"]
[BlackElo "2408"]
[WhiteEngine "stockfish_jvv01_x64_bmi2_CTG"]
[BlackEngine "Eman 1.70-beta23 64-bit BMI2_CTG"]
[EventType "Swiss"]
[WhiteTeam ""]
[BlackTeam ""]
[PlyCount "133"]
[TimeControl "720+1"]

1. e4 e5 2. Nf3 Nc6 3. Bc4 Nf6 4. d3 Bc5 5. O-O O-O 6. c3 d6 7. Re1 a5 8. h3 h6 
9. Nbd2 a4 10. Bb5 Bd7 11. Nf1 Ne7 12. Bxd7 Qxd7 13. Ng3 Ng6 14. d4 Ba7 
15. Be3 Rfe8 16. Rc1 b5 17. Rc2 c6 18. Rd2 d5 19. dxe5 Nxe5 20. Nxe5 Rxe5 
21. Bd4 Bxd4 22. cxd4 Rg5 23. e5 Ne4 24. Nxe4 dxe4 25. Qc2 Qxh3 26. Qxe4 Qe6 
27. Rc1 Rg6 28. d5 cxd5 29. Rxd5 Re8 30. Rcc5 Rg4 31. Qf3 Rb4 32. Qe2 Rc8 
33. Qc2 Rb8 34. b3 Qg4 35. Qc3 Rf4 36. Qd2 axb3 37. axb3 Rb4 38. Qc2 Ra8 
39. Rd1 Qe6 40. Rcd5 Re8 41. g3 h5 42. Rd8 Qxe5 43. Qc8 Rxd8 44. Qxd8+ Kh7 
45. Qf8 Re4 46. Qxf7 Re1+ 47. Rxe1 Qxe1+ 48. Kg2 Qe4+ 49. Kf1 Kh6 50. Kg1 b4 
51. Kf1 g6 52. Qf8+ Kg5 53. Qc8 Qh1+ 54. Ke2 Qe4+ 55. Kf1 h4 56. Qd8+ Kg4 
57. Qxh4+ Kf5 58. Qxe4+ Kxe4 59. Kg2 Kd3 60. g4 Kc3 61. f4 Kxb3 62. f5 gxf5 
63. gxf5 Kc4 64. f6 b3 65. f7 b2 66. f8=Q b1=Q 67. Kg3 1/2-1/2

[Event "Saturday 21 April Rapid Engine Tour 12+1 Rounds 9 Starts 1600ST"]
[Site "Infinity Chess"]
[Date "2018.4.21"]
[Round "9"]
[White "Vimtiroba"]
[Black "hafaba"]
[Result "1/2-1/2"]
[ECO "C50"]
[WhiteElo "2431"]
[BlackElo "2461"]
[WhiteEngine "AsmFish A12_CTG"]
[BlackEngine "Eman 1.70-beta21 64-bit POPCNT_CTG"]
[EventType "Swiss"]
[WhiteTeam ""]
[BlackTeam ""]
[PlyCount "150"]
[TimeControl "720+1"]

1. e4 e5 2. Nf3 Nc6 3. Bc4 Bc5 4. d3 Nf6 5. O-O d6 6. c3 O-O 7. a4 a5 8. Bg5 h6 
9. Bh4 g5 10. Bg3 Kg7 11. Nbd2 Ba7 12. Re1 Ng8 13. Nf1 h5 14. h3 Nh6 15. d4 g4 
16. Bh4 f6 17. N3h2 Qe8 18. Ne3 gxh3 19. gxh3 exd4 20. Nd5 Bxh3 21. Kh1 Ne5 
22. Rg1+ Bg4 23. cxd4 Nxc4 24. f3 Kh7 25. Rc1 c6 26. Nxf6+ Rxf6 27. Bxf6 Qe6 
28. Rxc4 Qxc4 29. fxg4 hxg4 30. Nxg4 Qe6 31. Qf3 Rg8 32. Bg5 Nxg4 33. Rxg4 Rg6 
34. Rh4+ Kg7 35. Be3 Qc4 36. b3 Qc2 37. Rg4 Rxg4 38. Qxg4+ Kf7 39. Qd7+ Kg8 
40. Qc8+ Kf7 41. Qd7+ Kg8 42. Qg4+ Kf7 43. Qf5+ Kg8 44. Qg6+ Kh8 45. Qf6+ Kh7 
46. Qf7+ Kh8 47. Qf8+ Kh7 48. Qf7+ Kh8 49. Qf6+ Kh7 50. Kg1 Qxe4 51. Kf2 Qc2+ 
52. Ke1 Qxb3 53. Qe7+ Kg8 54. Qe8+ Kh7 55. Qd7+ Kg8 56. Qc8+ Kf7 57. Qc7+ Ke6 
58. d5+ Qxd5 59. Qc8+ Ke5 60. Bxa7 c5 61. Qh8+ Ke4 62. Bb6 Qe6 63. Qc3 Qa2 
64. Bd8 Qxa4 65. Bxa5 Kd5 66. Qd3+ Kc6 67. Bd2 Qa1+ 68. Kf2 Qf6+ 69. Ke1 b5 
70. Qe4+ Kb6 71. Qe8 Qe5+ 72. Qxe5 dxe5 73. Bc3 b4 74. Bxe5 c4 75. Kd2 Kc5 
1/2-1/2

[Event "Saturday 21 April Rapid Engine Tour 12+1 Rounds 9 Starts 1600ST"]
[Site "Infinity Chess"]
[Date "2018.4.21"]
[Round "9"]
[White "Time_bandit"]
[Black "star99"]
[Result "1/2-1/2"]
[ECO "C77"]
[WhiteElo "2475"]
[BlackElo "2464"]
[WhiteEngine "asmFishW_2018-04-11_bmi2"]
[BlackEngine "Cryptic Heroes 9.4B"]
[EventType "Swiss"]
[WhiteTeam ""]
[BlackTeam ""]
[PlyCount "100"]
[TimeControl "720+1"]

1. e4 e5 2. Nf3 Nc6 3. Bb5 a6 4. Ba4 Nf6 5. O-O Be7 6. Re1 b5 7. Bb3 O-O 
8. c3 d5 9. exd5 Nxd5 10. Nxe5 Nxe5 11. Rxe5 c6 12. d4 Bd6 13. Re1 Qh4 
14. g3 Qh3 15. Be3 Bg4 16. Qd3 Rae8 17. Nd2 Re6 18. a4 Qh5 19. axb5 axb5 
20. Nf1 Bf5 21. Qd2 Bh3 22. Bd1 Qg6 23. Bf3 Qf5 24. Qd1 h5 25. Ra6 Bb8 
26. Bh1 Rfe8 27. Qb1 Qg4 28. Qd1 Qg6 29. Bxd5 cxd5 30. Rxe6 fxe6 31. Qe2 Rf8 
32. f3 Bd6 33. Rc1 b4 34. c4 dxc4 35. Rxc4 h4 36. Bf2 hxg3 37. hxg3 Bxf1 
38. Kxf1 Bxg3 39. Rxb4 Bxf2 40. Kxf2 Qh6 41. Rb6 Qh2+ 42. Ke3 Qg1+ 43. Kd3 e5 
44. Qe4 Qf1+ 45. Kc2 Rxf3 46. Rb8+ Kf7 47. Qb7+ Kg6 48. Qe4+ Kf7 49. Rb7+ Kg8 
50. Rb8+ Kf7 1/2-1/2

[Event "Saturday 21 April Rapid Engine Tour 12+1 Rounds 9 Starts 1600ST"]
[Site "Infinity Chess"]
[Date "2018.4.21"]
[Round "9"]
[White "Gilgamesch"]
[Black "Eman"]
[Result "1/2-1/2"]
[ECO "C50"]
[WhiteElo "2466"]
[BlackElo "2484"]
[WhiteEngine "BrainFish_180408_x64_bmi2"]
[BlackEngine "Eman 1.70-beta24 64-bit POPCNT"]
[EventType "Swiss"]
[WhiteTeam ""]
[BlackTeam ""]
[PlyCount "108"]
[TimeControl "720+1"]

1. e4 e5 2. Nf3 Nc6 3. Bc4 Bc5 4. O-O Nf6 5. d3 O-O 6. Nc3 h6 7. Na4 Be7 
8. Nc3 Bc5 9. a3 d6 10. Na4 Bb6 11. Re1 Be6 12. Bxe6 fxe6 13. c3 Qe8 14. b4 Qg6 
15. Nxb6 axb6 16. a4 Nh5 17. h3 Rf6 18. Kh2 Raf8 19. Be3 Nf4 20. Bxf4 Rxf4 
21. Re3 Qf7 22. b5 Ne7 23. d4 g5 24. dxe5 d5 25. Qd3 Kh8 26. Ra2 g4 27. Nd4 c5 
28. bxc6 bxc6 29. exd5 Nxd5 30. Rg3 c5 31. Nc6 Rxf2 32. Rxf2 Qxf2 33. Qg6 Qf4 
34. Qxg4 Qxg4 35. Rxg4 Nxc3 36. Rg6 Re8 37. Rxh6+ Kg7 38. Rh4 Ra8 39. Kg3 Nxa4 
40. Rg4+ Kh8 41. Rg6 b5 42. Ne7 b4 43. Rxe6 Kg7 44. Nd5 Ra7 45. Rd6 b3 46. e6 b2 
47. Rd7+ Kg6 48. e7 Kf7 49. Rxa7 b1=Q 50. Ra8 Qe1+ 51. Kf3 Qd1+ 52. Kg3 Qe1+ 
53. Kf3 Qf1+ 54. Kg3 Qe1+ 1/2-1/2

[Event "Saturday 21 April Rapid Engine Tour 12+1 Rounds 9 Starts 1600ST"]
[Site "Infinity Chess"]
[Date "2018.4.21"]
[Round "9"]
[White "Katzenmaier"]
[Black "MarioDeMonti"]
[Result "1-0"]
[ECO "A53"]
[WhiteElo "2503"]
[BlackElo "2486"]
[WhiteEngine "Raubfisch X38a."]
[BlackEngine "stockfish_x64_bmi2_2018_02_18_CTG"]
[EventType "Swiss"]
[WhiteTeam ""]
[BlackTeam ""]
[PlyCount "145"]
[TimeControl "720+1"]

1. d4 Nf6 2. c4 d6 3. Nf3 g6 4. Nc3 Bg7 5. e4 O-O 6. Be2 e5 7. O-O Nc6 8. d5 Ne7 
9. b4 Kh8 10. Nd2 Ne8 11. c5 f5 12. a4 Ng8 13. f3 fxe4 14. Ndxe4 a5 
15. bxa5 Rxa5 16. Be3 Ne7 17. Qb3 Nf5 18. Bg5 Nf6 19. Qb4 Ra8 20. cxd6 Nxd6 
21. Nb5 Ndxe4 22. fxe4 Bd7 23. Nc3 Qb8 24. Be3 b6 25. h3 Qc8 26. Nb5 Qd8 
27. Rac1 Rc8 28. Nxc7 Rxc7 29. Bxb6 Rb7 30. Bxd8 Rxb4 31. Be7 Rbb8 32. Bxf8 Rxf8 
33. Bb5 Bxb5 34. axb5 Rb8 35. Rc6 Kg8 36. b6 Nd7 37. Rb1 Bf8 38. b7 Nc5 
39. Rc7 Bd6 40. Rc8+ Kg7 41. Rxb8 Bxb8 42. Kf1 Kf6 43. Rc1 Nd7 44. Ke2 Ke7 
45. Kd3 Ba7 46. Rc7 Bb8 47. Rc6 Bd6 48. Rc8 Bb8 49. Kc4 Kd6 50. Rc6+ Ke7 
51. Kb5 Ba7 52. Ka6 Bb8 53. Rc8 Bd6 54. Kb5 h6 55. Rg8 Nb8 56. Rxg6 h5 
57. Rh6 Bc7 58. Rxh5 Bd6 59. Rh6 Ba3 60. Kb6 Bc1 61. Rh7+ Kf6 62. Ka7 Kg5 
63. Kxb8 Kf4 64. Kc8 Kxe4 65. b8=Q Kd4 66. Qb6+ Ke4 67. Qb1+ Ke3 68. Qxc1+ Kd3 
69. Rc7 Ke4 70. Qd2 Kf5 71. Rg7 Ke4 72. Rg4+ Kf5 73. Qf2# 1-0

[Event "Saturday 21 April Rapid Engine Tour 12+1 Rounds 9 Starts 1600ST"]
[Site "Infinity Chess"]
[Date "2018.4.21"]
[Round "8"]
[White "SkyPilot"]
[Black "ocirema"]
[Result "1/2-1/2"]
[ECO "C53"]
[WhiteElo "2458"]
[BlackElo "2414"]
[WhiteEngine "stockfish_x64_bmi2_2018_04_07_CTG"]
[BlackEngine "asmFishW_2018-04-15_popcnt_CTG"]
[EventType "Swiss"]
[WhiteTeam ""]
[BlackTeam ""]
[PlyCount "74"]
[TimeControl "720+1"]

1. e4 e5 2. Nf3 Nc6 3. Bc4 Bc5 4. c3 Nf6 5. d3 d6 6. O-O a5 7. Re1 O-O 
8. Nbd2 h6 9. h3 Be6 10. a4 Ba7 11. b3 d5 12. exd5 Nxd5 13. Ne4 Re8 14. Bd2 Nf6 
15. Qe2 Qe7 16. Bb5 Bxb3 17. c4 Nxe4 18. Qxe4 Rad8 19. Bxc6 bxc6 20. Qxc6 f6 
21. Bxa5 Rxd3 22. Nd2 Rb8 23. Rab1 Qd6 24. Qxd6 cxd6 25. Kf1 Rb7 26. Ke2 e4 
27. Nxe4 Rd4 28. Nd2 Re7+ 29. Kf1 Rxe1+ 30. Kxe1 Bxc4 31. Nxc4 Rxc4 32. Ra1 Rc2 
33. Bd2 Bd4 34. Ra3 Bc5 35. Ra1 Bd4 36. Ra3 Bc5 37. Ra1 Bd4 1/2-1/2

[Event "Saturday 21 April Rapid Engine Tour 12+1 Rounds 9 Starts 1600ST"]
[Site "Infinity Chess"]
[Date "2018.4.21"]
[Round "8"]
[White "Dovahkiin"]
[Black "angriff"]
[Result "1/2-1/2"]
[ECO "C55"]
[WhiteElo "2396"]
[BlackElo "2395"]
[WhiteEngine "BrainFish_180418_x64_modern_CTG"]
[BlackEngine "DracoREX 3.07 64BIT POPCNT_CTG"]
[EventType "Swiss"]
[WhiteTeam ""]
[BlackTeam ""]
[PlyCount "126"]
[TimeControl "720+1"]

1. e4 e5 2. Nf3 Nc6 3. Bc4 Nf6 4. d3 Bc5 5. O-O d6 6. c3 O-O 7. Bg5 h6 8. Bh4 a6 
9. Bb3 g5 10. Bg3 Ba7 11. Nbd2 Na5 12. Bc2 Nh5 13. b4 Nxg3 14. hxg3 Nc6 
15. Nc4 Kg7 16. Qd2 f5 17. exf5 Bxf5 18. a4 Qf6 19. Ne3 Bxe3 20. Qxe3 Rae8 
21. Rfe1 Ne7 22. Qd2 Ng6 23. b5 g4 24. Nh2 h5 25. bxa6 bxa6 26. Rab1 Re7 
27. Rf1 d5 28. f3 gxf3 29. Nxf3 h4 30. Nxh4 Nxh4 31. gxh4 Qxh4 32. Rf3 Bg6 
33. Rb4 Rf4 34. Rbxf4 exf4 35. Rxf4 Re1+ 36. Rf1 Rxf1+ 37. Kxf1 d4 38. cxd4 Qxd4 
39. Qg5 c5 40. Qe7+ Kh8 41. Qg5 Bxd3+ 42. Bxd3 Qxd3+ 43. Ke1 Qc3+ 44. Kf2 Qd4+ 
45. Kg3 Qc3+ 46. Kh2 c4 47. Qh6+ Kg8 48. Qxa6 Qe5+ 49. g3 Qe2+ 50. Kh3 Kh7 
51. Qb7+ Kg6 52. Qc6+ Kg5 53. Qc5+ Kf6 54. a5 Qf1+ 55. Kh2 Qe2+ 56. Kg1 Qe1+ 
57. Kh2 Kg6 58. Qd6+ Kg7 59. g4 Qh4+ 60. Kg1 Qxg4+ 61. Kf2 Qf5+ 62. Ke2 Qh5+ 
63. Ke3 Qxa5 1/2-1/2

[Event "Saturday 21 April Rapid Engine Tour 12+1 Rounds 9 Starts 1600ST"]
[Site "Infinity Chess"]
[Date "2018.4.21"]
[Round "8"]
[White "Mr Aj"]
[Black "Vimtiroba"]
[Result "0-1"]
[ECO "A06"]
[WhiteElo "2446"]
[BlackElo "2414"]
[WhiteEngine "Houdini 6"]
[BlackEngine "AsmFish A12_CTG"]
[EventType "Swiss"]
[WhiteTeam ""]
[BlackTeam ""]
[PlyCount "204"]
[TimeControl "720+1"]

1. Nf3 d5 2. d4 Nf6 3. c4 e6 4. e3 c6 5. b3 c5 6. Nbd2 cxd4 7. exd4 b6 
8. Bb2 Be7 9. Bd3 Nc6 10. O-O Nb4 11. Be2 O-O 12. a3 Nc6 13. Re1 Bb7 14. Rc1 Rc8 
15. Bf1 Re8 16. h3 Bf8 17. Ne5 dxc4 18. Nxc6 Bxc6 19. bxc4 Qd6 20. Nf3 Bb7 
21. Qd3 Qf4 22. Re3 Qd6 23. a4 Qc7 24. Qe2 Bd6 25. g3 h6 26. a5 bxa5 27. c5 Be7 
28. Ra1 a6 29. Bg2 Bc6 30. Ne5 Bb5 31. Qf3 a4 32. h4 Bd8 33. Ree1 Qe7 
34. Rab1 Nd5 35. Ng4 Bc6 36. Ne5 Bb5 37. Ng4 Qf8 38. Bc3 Bc7 39. Bd2 Ne7 
40. Bc3 Red8 41. Qe4 Nd5 42. Qc2 Qe7 43. Bd2 Qd7 44. Rbd1 a5 45. Qc1 h5 
46. Ne5 Bxe5 47. dxe5 Qa7 48. Be3 Bc6 49. Bh6 Kf8 50. Bg5 Rd7 51. Be4 Qb7 
52. Rd2 Kg8 53. Kh2 Rb8 54. Qd1 g6 55. Qf3 Qc8 56. Rd3 Rb2 57. Red1 Qf8 
58. Rc1 Rc7 59. Bd2 Bb7 60. Kh3 Rc8 61. Bg5 Rb5 62. Ra1 Rcxc5 63. Rxa4 Qb8 
64. Bf6 Rb4 65. Bxd5 Bxd5 66. Qe3 Qf8 67. Ra1 a4 68. f3 Kh7 69. Rc3 Rxc3 
70. Qxc3 Rb3 71. Qc7 a3 72. Be7 Qe8 73. Bxa3 Rxf3 74. Be7 Rf2 75. Bc5 Rc2 
76. Ra7 Bg2+ 77. Kh2 Bc6+ 78. Kg1 Rxc5 79. Qxf7+ Qxf7 80. Rxf7+ Kh6 81. Kf2 Rxe5 
82. Rc7 Rf5+ 83. Ke3 Bd5 84. Ke2 Rf3 85. Rc8 Rxg3 86. Kf2 Rf3+ 87. Ke2 g5 
88. hxg5+ Kg7 89. Rc7+ Kg6 90. Rc8 h4 91. Rg8+ Kh7 92. Rc8 h3 93. g6+ Kg7 
94. Rc7+ Kxg6 95. Rc8 h2 96. Rg8+ Kh7 97. Re8 h1=Q 98. Re7+ Kg8 99. Re8+ Kf7 
100. Re7+ Kxe7 101. Kd2 Qg2+ 102. Kc1 Rf1# 0-1

[Event "Saturday 21 April Rapid Engine Tour 12+1 Rounds 9 Starts 1600ST"]
[Site "Infinity Chess"]
[Date "2018.4.21"]
[Round "8"]
[White "Deep_Impact"]
[Black "MiKachomiKa QueeN"]
[Result "1/2-1/2"]
[ECO "C55"]
[WhiteElo "2438"]
[BlackElo "2402"]
[WhiteEngine "BrainFish_180411_x64_bmi2"]
[BlackEngine "stockfish_18041819_x64_modern_CTG"]
[EventType "Swiss"]
[WhiteTeam ""]
[BlackTeam ""]
[PlyCount "89"]
[TimeControl "720+1"]

1. e4 e5 2. Nf3 Nc6 3. Bc4 Nf6 4. d3 Bc5 5. c3 d6 6. O-O O-O 7. Re1 a5 
8. Nbd2 h6 9. Nf1 Be6 10. Bb5 Bb6 11. h3 Ne7 12. Ng3 Ng6 13. d4 exd4 14. cxd4 d5 
15. e5 Ne4 16. Bd3 Nxg3 17. fxg3 c5 18. Be3 cxd4 19. Bf2 Rc8 20. Kh2 Ne7 
21. g4 Re8 22. a3 Bd7 23. Kh1 a4 24. Bh4 Qc7 25. Bg3 Qd8 26. Qe2 Ng6 
27. Rad1 Bc5 28. Rf1 Re6 29. Bf5 Qb6 30. Bxe6 fxe6 31. Qd3 Ne7 32. Nxd4 Qxb2 
33. Qf3 Kh7 34. Qf7 Be8 35. Qxe6 Bxd4 36. Qxe7 Bg6 37. Bf4 Be4 38. Rd2 Rc2 
39. Bxh6 Bxe5 40. Be3 Rxd2 41. Qh4+ Kg8 42. Qd8+ Kh7 43. Qh4+ Kg8 44. Qd8+ Kh7 
45. Qh4+ 1/2-1/2

[Event "Saturday 21 April Rapid Engine Tour 12+1 Rounds 9 Starts 1600ST"]
[Site "Infinity Chess"]
[Date "2018.4.21"]
[Round "8"]
[White "MarioDeMonti"]
[Black "IronMan"]
[Result "1-0"]
[ECO "C50"]
[WhiteElo "2471"]
[BlackElo "2448"]
[WhiteEngine "stockfish_x64_bmi2_2018_02_18_CTG"]
[BlackEngine "Eman 170b23-EXP2"]
[EventType "Swiss"]
[WhiteTeam ""]
[BlackTeam ""]
[PlyCount "177"]
[TimeControl "720+1"]

1. e4 e5 2. Nf3 Nc6 3. Bc4 Bc5 4. O-O Nf6 5. d3 a5 6. c3 d6 7. Re1 h6 8. h3 O-O 
9. Nbd2 Be6 10. a4 Qd7 11. Bb5 Bxh3 12. gxh3 Qxh3 13. Nf1 Qg4+ 14. Kh1 Bxf2 
15. N1h2 Qg3 16. Re2 Kh8 17. Qf1 Bb6 18. Rg2 Qh3 19. Ng1 Qh4 20. Bd2 Ne7 
21. Bc4 d5 22. exd5 Rae8 23. Ngf3 Qh5 24. Rg3 Nexd5 25. Rh3 Qf5 26. Qg2 Ne3 
27. Bxe3 Bxe3 28. Nh4 Qf2 29. Qxb7 Nh5 30. Qe4 Bg5 31. Bxf7 Rxf7 32. Ng6+ Kh7 
33. Nf4+ Kg8 34. Nxh5 Qxb2 35. Rg1 Qb3 36. Nf3 Qe6 37. Nxg5 hxg5 38. Rh2 Qf5 
39. Qxf5 Rxf5 40. Ng3 Rf3 41. Ne4 Rxd3 42. Rxg5 Rd1+ 43. Kg2 Re7 44. Rh4 Kf7 
45. Kf2 Ra1 46. Rhg4 Kf8 47. Ke3 Ra3 48. Rh5 Kg8 49. Kd3 Ra2 50. Nc5 Ra1 
51. Rf5 Re8 52. Ne4 Re6 53. Kc4 g6 54. Kd5 Ra6 55. Rxe5 Rf1 56. Kc4 Rf8 
57. Rgg5 Rf4 58. Kd4 Rf1 59. Rxa5 Re6 60. Rge5 Rxe5 61. Rxe5 Ra1 62. a5 Kf7 
63. Kc4 c6 64. Kb4 Ra2 65. Rc5 Rb2+ 66. Kc4 Re2 67. Ng5+ Kf6 68. a6 Ra2 
69. Ne4+ Ke6 70. Rxc6+ Kf5 71. Rxg6 Ke5 72. Kb5 Rb2+ 73. Kc6 Ra2 74. Kb7 Rb2+ 
75. Rb6 Rg2 76. Ng5 Ra2 77. a7 Ra3 78. a8=Q Rxa8 79. Rb5+ Kf6 80. Kxa8 Kg6 
81. Rd5 Kg7 82. c4 Kf6 83. c5 Kg7 84. c6 Kf6 85. c7 Kg6 86. c8=Q Kg7 
87. Qd7+ Kg8 88. Qf7+ Kh8 89. Rd8# 1-0